| TOP OF THE 1ST |
|
Hickory Crawdads batting - Pitching for Clinton LumberKings : RHP Kevon Jamison
|
|
Pitching: RHP Kevon Jamison
|
|
|
Batting: RHB Jason Sher
|
0-0: Called Strike 0-1: Ball 1-1: Ball 2-1: Ball 3-1: Swinging Strike 3-2: SOLO HOME RUN (Flyball, 7D, EV 100.6 MPH), Distance : 400 ft
|
|
Batting: LHB Franklin Quezada
|
0-0: Ball 1-0: SINGLE (Flyball, 56D, EV 86.2 MPH)
|
|
Batting: RHB Doug Hammertime
|
0-0: Ball 1-0: Foul Ball, location: 2F 1-1: Ball 2-1: Called Strike 2-2: Foul Ball, location: 2F 2-2: Fly out, F2 (Popup, 25F, EV 85.0 MPH)
|
|
Batting: RHB Bobby Larson
|
0-0: Ball 1-0: Ball Franklin Quezada steals 2nd, throwing error, E2 Franklin Quezada to third 2-0: Fly out, F9 (Flyball, 89M, EV 80.0 MPH)
|
|
Batting: LHB Nick Foutz
|
0-0: Ball 1-0: Ground out 6-3 (Groundball, 4M, EV 99.4 MPH)
|
| Top of the 1st over - 1 run, 2 hits, 1 error, 1 left on base; Hickory 1 - Clinton 0 |
| BOTTOM OF THE 1ST |
|
Clinton LumberKings batting - Pitching for Hickory Crawdads : RHP Alexander Neustroev
|
|
Pitching: RHP Alexander Neustroev
|
|
|
Batting: RHB Rick Ellis
|
0-0: Called Strike 0-1: Foul Ball, location: 2F 0-2: Ball 1-2: Ball 2-2: Foul Ball, location: 2F 2-2: Fly out, F6 (Popup, 6, EV 78.1 MPH)
|
|
Batting: RHB Joe Stading
|
0-0: Called Strike 0-1: Foul Ball, location: 2F 0-2: Ball 1-2: SOLO HOME RUN (Flyball, 7D, EV 96.2 MPH), Distance : 391 ft
|
|
Batting: LHB Jason Hopkins
|
0-0: Ball 1-0: SINGLE (Groundball, 6D, EV 108.1 MPH)
|
|
Batting: RHB Josh Ruhl
|
0-0: Foul Ball, location: 2F 0-1: Foul Ball, location: 2F 0-2: Foul Ball, location: 2F 0-2: Strikes out swinging
|
|
Batting: LHB Jawad Fahad
|
Pickoff Throw to First - Out! 1-3
|
| Bottom of the 1st over - 1 run, 2 hits, 0 errors, 0 left on base; Hickory 1 - Clinton 1 |
| TOP OF THE 2ND |
|
Hickory Crawdads batting - Pitching for Clinton LumberKings : RHP Kevon Jamison
|
|
Batting: RHB Jason Swisher
|
0-0: Called Strike 0-1: Ball 1-1: Foul Ball, location: 2F 1-2: Ball 2-2: Strikes out looking
|
|
Batting: RHB Adryão Anto
|
0-0: Swinging Strike 0-1: Ground out 5-3 (Groundball, 56S, EV 88.1 MPH)
|
|
Batting: RHB Garrison Feltham
|
0-0: Foul Ball, location: 2F 0-1: Foul Ball, location: 2F 0-2: Strikes out swinging
|
| Top of the 2nd over - 0 runs, 0 hits, 0 errors, 0 left on base; Hickory 1 - Clinton 1 |
| BOTTOM OF THE 2ND |
|
Clinton LumberKings batting - Pitching for Hickory Crawdads : RHP Alexander Neustroev
|
|
Batting: LHB Jawad Fahad
|
0-0: Ball 1-0: Called Strike 1-1: Called Strike 1-2: Fly out, F6 (Popup, 6MS, EV 73.8 MPH)
|
|
Batting: SHB Jose Castillo
|
0-0: Ball 1-0: Ground out 6-3 (Groundball, 6, EV 84.4 MPH)
|
|
Batting: RHB Salvador Avina
|
0-0: Fly out, F8 (Flyball, 8RS, EV 79.4 MPH)
|
| Bottom of the 2nd over - 0 runs, 0 hits, 0 errors, 0 left on base; Hickory 1 - Clinton 1 |
| TOP OF THE 3RD |
|
Hickory Crawdads batting - Pitching for Clinton LumberKings : RHP Kevon Jamison
|
|
Batting: SHB Santos Renteria
|
0-0: Ground out 6-3 (Groundball, 6M, EV 83.8 MPH)
|
|
Batting: RHB Jason Sher
|
0-0: Ball 1-0: SINGLE (Line Drive, 34D, EV 99.4 MPH)
|
|
Batting: LHB Franklin Quezada
|
0-0: Ball 1-0: Called Strike 1-1: Called Strike 1-2: Fielders Choice at 2nd, 4-6 (Groundball, 34, EV 91.9 MPH)
|
|
Batting: RHB Doug Hammertime
|
0-0: Ball Franklin Quezada steals 2nd base (no throw) 1-0: Ground out 4-3 (Groundball, 4MS, EV 83.1 MPH)
|
| Top of the 3rd over - 0 runs, 1 hit, 0 errors, 1 left on base; Hickory 1 - Clinton 1 |
| BOTTOM OF THE 3RD |
|
Clinton LumberKings batting - Pitching for Hickory Crawdads : RHP Alexander Neustroev
|
|
Batting: LHB Brian Butler
|
0-0: Called Strike 0-1: Foul Ball, location: 2F 0-2: Foul Ball, location: 2F 0-2: DOUBLE (Line Drive, 9LM, EV 103.8 MPH)
|
|
Batting: LHB Leão Alvide
|
0-0: Called Strike 0-1: Ground out 4-3 (Groundball, 4, EV 78.1 MPH) Brian Butler to third
|
|
Batting: RHB Rick Ellis
|
0-0: Foul Ball, location: 2F 0-1: Ball 1-1: Ground out 5-3 (Groundball, 56, EV 106.2 MPH) Brian Butler scores
|
|
Batting: RHB Joe Stading
|
0-0: Ball 1-0: Ball 2-0: Foul Ball, location: 2F 2-1: Foul Ball, location: 2F 2-2: Strikes out looking
|
| Bottom of the 3rd over - 1 run, 1 hit, 0 errors, 0 left on base; Hickory 1 - Clinton 2 |
| TOP OF THE 4TH |
|
Hickory Crawdads batting - Pitching for Clinton LumberKings : RHP Kevon Jamison
|
|
Batting: RHB Bobby Larson
|
0-0: Ball 1-0: Ball 2-0: Called Strike 2-1: Foul Ball, location: 2F 2-2: Ground out 6-3 (Groundball, 6, EV 81.2 MPH)
|
|
Batting: LHB Nick Foutz
|
0-0: Swinging Strike 0-1: Foul Ball, location: 2F 0-2: Ball 1-2: Foul Ball, location: 2F 1-2: Foul Ball, location: 2F 1-2: Ground out U3 (Groundball, 34, EV 78.1 MPH)
|
|
Batting: RHB Jason Swisher
|
0-0: Called Strike 0-1: Ball 1-1: Ball 2-1: Ball 3-1: SINGLE (Line Drive, 3L, EV 97.5 MPH)
|
|
Batting: RHB Adryão Anto
|
0-0: Ball 1-0: Foul Ball, location: 2F 1-1: Ball 2-1: DOUBLE (Line Drive, 89M, EV 96.2 MPH) Jason Swisher to third Runner from 3rd tries for Home, SAFE, throw by RF to home
|
|
Batting: RHB Garrison Feltham
|
0-0: Fly out, F3 (Line Drive, 4, EV 65.6 MPH)
|
| Top of the 4th over - 1 run, 2 hits, 0 errors, 1 left on base; Hickory 2 - Clinton 2 |
| BOTTOM OF THE 4TH |
|
Clinton LumberKings batting - Pitching for Hickory Crawdads : RHP Alexander Neustroev
|
|
Batting: LHB Jason Hopkins
|
0-0: Ground out U3 (Groundball, 34S, EV 84.4 MPH)
|
|
Batting: RHB Josh Ruhl
|
0-0: Called Strike 0-1: Ball 1-1: Swinging Strike 1-2: Foul Ball, location: 2F 1-2: Foul Ball, location: 2F 1-2: Strikes out looking
|
|
Batting: LHB Jawad Fahad
|
0-0: Called Strike 0-1: Ball 1-1: Fly out, F9 (Flyball, 9LS, EV 88.8 MPH)
|
| Bottom of the 4th over - 0 runs, 0 hits, 0 errors, 0 left on base; Hickory 2 - Clinton 2 |
| TOP OF THE 5TH |
|
Hickory Crawdads batting - Pitching for Clinton LumberKings : RHP Kevon Jamison
|
|
Batting: SHB Santos Renteria
|
0-0: Ball 1-0: Ball 2-0: Ball 3-0: Base on Balls
|
|
Batting: RHB Jason Sher
|
0-0: Ball 1-0: Ball 2-0: Ball Santos Renteria steals 2nd base (no throw) 3-0: Base on Balls
|
|
Batting: LHB Franklin Quezada
|
0-0: Ball Santos Renteria steals 3rd base (no throw) Jason Sher to second 1-0: Ground out 2-3 (Groundball, 2R, EV 72.5 MPH)
|
|
Batting: RHB Doug Hammertime
|
0-0: Called Strike 0-1: Ball 1-1: Called Strike 1-2: Foul Ball, location: 2F 1-2: Ball 2-2: SINGLE (Groundball, 6S, EV 65.6 MPH) (infield hit) Santos Renteria scores Jason Sher to third
|
|
Batting: RHB Bobby Larson
|
0-0: Ball 1-0: Ball Doug Hammertime steals 2nd base 2-0: Ball 3-0: Called Strike 3-1: Foul Ball, location: 2F 3-2: Foul Ball, location: 2F 3-2: Foul Ball, location: 2F 3-2: Strikes out swinging
|
|
Batting: LHB Nick Foutz
|
0-0: Called Strike 0-1: Foul Ball, location: 2F 0-2: Ball 1-2: Fly out, F9 (Line Drive, 9, EV 98.8 MPH)
|
| Top of the 5th over - 1 run, 1 hit, 0 errors, 2 left on base; Hickory 3 - Clinton 2 |
| BOTTOM OF THE 5TH |
|
Clinton LumberKings batting - Pitching for Hickory Crawdads : RHP Alexander Neustroev
|
|
Batting: SHB Jose Castillo
|
0-0: Swinging Strike 0-1: Called Strike 0-2: Foul Ball, location: 2F 0-2: Ball 1-2: Strikes out swinging
|
|
Batting: RHB Salvador Avina
|
0-0: Ball 1-0: Called Strike 1-1: Fly out, F4 (Flyball, 4D, EV 86.9 MPH)
|
|
Batting: LHB Brian Butler
|
0-0: Swinging Strike 0-1: Bunted foul 0-2: Ground out 5-3 (Groundball, 56, EV 85.0 MPH)
|
| Bottom of the 5th over - 0 runs, 0 hits, 0 errors, 0 left on base; Hickory 3 - Clinton 2 |
| TOP OF THE 6TH |
|
Hickory Crawdads batting - Pitching for Clinton LumberKings : RHP Kevon Jamison
|
|
Batting: RHB Jason Swisher
|
0-0: Called Strike 0-1: Foul Ball, location: 2F 0-2: Fly out, F9 (Flyball, 9LM, EV 90.6 MPH)
|
|
Batting: RHB Adryão Anto
|
0-0: Called Strike 0-1: Ball 1-1: Ball 2-1: Foul Ball, location: 2F 2-2: Ground out 6-3 (Groundball, 6, EV 83.1 MPH)
|
|
Batting: RHB Garrison Feltham
|
0-0: Ball 1-0: Ball 2-0: Ball 3-0: Called Strike 3-1: Base on Balls
|
|
Pitching: LHP Justin Neikirk
|
|
|
Batting: SHB Santos Renteria
|
0-0: Ball 1-0: Ball 2-0: Ball Garrison Feltham steals 2nd base (no throw) 3-0: Base on Balls
|
|
Batting: RHB Jason Sher
|
0-0: Ball 1-0: SINGLE (Line Drive, 34D, EV 98.1 MPH) Garrison Feltham to third Santos Renteria to second Runner from 3rd tries for Home, SAFE, throw by RF to home
|
|
Batting: LHB Franklin Quezada
|
0-0: Ball 1-0: Ball 2-0: Swinging Strike 2-1: Foul Ball, location: 2F 2-2: Strikes out swinging
|
| Top of the 6th over - 1 run, 1 hit, 0 errors, 2 left on base; Hickory 4 - Clinton 2 |
| BOTTOM OF THE 6TH |
|
Clinton LumberKings batting - Pitching for Hickory Crawdads : RHP Alexander Neustroev
|
|
Batting: LHB Leão Alvide
|
0-0: Foul Ball, location: 2F 0-1: SINGLE (Flyball, 7LS, EV 95.6 MPH)
|
|
Batting: RHB Rick Ellis
|
0-0: Called Strike 0-1: Ball 1-1: Fly out, F8 (Flyball, 89M, EV 89.4 MPH)
|
|
Batting: RHB Joe Stading
|
0-0: Fielders Choice at 2nd, 3-6 (Groundball, 34S, EV 88.8 MPH)
|
|
Batting: LHB Jason Hopkins
|
0-0: Ball 1-0: Ball 2-0: Ball 3-0: Called Strike 3-1: Foul Ball, location: 2F 3-2: Reached on error, E2 (Groundball, 2R, EV 68.1 MPH) Joe Stading to second
|
|
Batting: RHB Josh Ruhl
|
0-0: Ball 1-0: Ball 2-0: Foul Ball, location: 2F 2-1: Called Strike 2-2: Ball 3-2: DOUBLE (Groundball, 5L, EV 115.6 MPH) Joe Stading scores Jason Hopkins to third Jason Hopkins scores
|
|
Batting: LHB Jawad Fahad
|
0-0: Ball Wild Pitch! Josh Ruhl to third 1-0: Ball 2-0: Called Strike 2-1: Ball 3-1: Base on Balls
|
|
Batting: SHB Jose Castillo
|
0-0: Ball 1-0: Swinging Strike 1-1: Ball 2-1: Ball 3-1: Foul Ball, location: 2F 3-2: Strikes out swinging
|
| Bottom of the 6th over - 2 runs, 2 hits, 1 error, 2 left on base; Hickory 4 - Clinton 4 |
| TOP OF THE 7TH |
|
Hickory Crawdads batting - Pitching for Clinton LumberKings : LHP Justin Neikirk
|
|
Pitching: RHP David Lane
|
|
|
Batting: RHB Doug Hammertime
|
0-0: Foul Ball, location: 2F 0-1: DOUBLE (Line Drive, 78M, EV 100.6 MPH)
|
|
Batting: RHB Bobby Larson
|
0-0: Ball 1-0: Ball 2-0: Called Strike 2-1: Ball 3-1: Foul Ball, location: 2F 3-2: Base on Balls
|
|
Batting: LHB Nick Foutz
|
0-0: Called Strike 0-1: Called Strike 0-2: Ball 1-2: Ball 2-2: Fly out, F2 (Popup, 23F, EV 82.5 MPH)
|
|
Pinch Hitting: LHB Ben Radach
|
0-0: Ball 1-0: Ball 2-0: Called Strike Doug Hammertime steals 3rd base 2-1: Ball Wild Pitch! Doug Hammertime scores Bobby Larson to second 3-1: Intentional Walk
|
|
Batting: RHB Adryão Anto
|
0-0: Fielders Choice at 2nd, 3-6 (Groundball, 3, EV 80.0 MPH) Bobby Larson to third
|
|
Pinch Hitting: LHB Casper Kersten
|
0-0: Called Strike 0-1: Ball 1-1: Foul Ball, location: 2F 1-2: Foul Ball, location: 2F 1-2: Strikes out looking
|
| Top of the 7th over - 1 run, 1 hit, 0 errors, 2 left on base; Hickory 5 - Clinton 4 |
| BOTTOM OF THE 7TH |
|
Clinton LumberKings batting - Pitching for Hickory Crawdads : RHP Alexander Neustroev
|
|
Now at 1B: Antonio Domingues
|
|
|
Now at 2B: Jason Sher
|
|
|
Now at 3B: Chris Naumann
|
|
|
Now at SS: Casper Kersten
|
|
|
Batting: RHB Salvador Avina
|
0-0: Called Strike 0-1: Called Strike 0-2: Ball 1-2: Foul Ball, location: 2F 1-2: Foul Ball, location: 2F 1-2: Ball 2-2: Ball 3-2: Foul Ball, location: 2F 3-2: Fly out, F8 (Flyball, 8RS, EV 92.5 MPH)
|
|
Batting: LHB Brian Butler
|
0-0: Ball 1-0: Fly out, F8 (Flyball, 89D, EV 85.0 MPH)
|
|
Batting: LHB Leão Alvide
|
0-0: Fly out, F7 (Flyball, 7, EV 85.0 MPH)
|
| Bottom of the 7th over - 0 runs, 0 hits, 0 errors, 0 left on base; Hickory 5 - Clinton 4 |
| TOP OF THE 8TH |
|
Hickory Crawdads batting - Pitching for Clinton LumberKings : RHP David Lane
|
|
Batting: SHB Santos Renteria
|
0-0: Ball 1-0: Ball 2-0: Ball 3-0: Base on Balls
|
|
Batting: RHB Jason Sher
|
0-0: Sac Bunt to 15 - play at first, batter OUT! 1-4 Santos Renteria to second
|
|
Batting: LHB Franklin Quezada
|
0-0: Intentional Walk
|
|
Batting: RHB Chris Naumann
|
0-0: Called Strike Santos Renteria steals 3rd base Franklin Quezada to second 0-1: Fly out, F7 (Flyball, 78M, EV 92.5 MPH) Runner from 3rd tags up, SCORES, throw by LF
|
|
Batting: RHB Bobby Larson
|
0-0: Foul Ball, location: 2F 0-1: Ball 1-1: Fly out, F5 (Popup, 25F, EV 85.6 MPH)
|
| Top of the 8th over - 1 run, 0 hits, 0 errors, 1 left on base; Hickory 6 - Clinton 4 |
| BOTTOM OF THE 8TH |
|
Clinton LumberKings batting - Pitching for Hickory Crawdads : RHP Alexander Neustroev
|
|
Batting: RHB Rick Ellis
|
0-0: Ball 1-0: Swinging Strike 1-1: Called Strike 1-2: Fly out, F9 (Flyball, 9LD, EV 102.5 MPH)
|
|
Pitching: RHP Tim Riley
|
|
|
Pinch Hitting: LHB William Warren
|
0-0: Ball 1-0: Ground out 4-3 (Groundball, 4S, EV 70.6 MPH)
|
|
Batting: LHB Jason Hopkins
|
0-0: Ball 1-0: Ball 2-0: Called Strike 2-1: Fly out, F8 (Flyball, 8RM, EV 92.5 MPH)
|
| Bottom of the 8th over - 0 runs, 0 hits, 0 errors, 0 left on base; Hickory 6 - Clinton 4 |
| TOP OF THE 9TH |
|
Hickory Crawdads batting - Pitching for Clinton LumberKings : RHP David Lane
|
|
Now in LF: William Warren
|
|
|
Now in RF: Josh Ruhl
|
|
|
Batting: LHB Nick Foutz
|
0-0: Swinging Strike 0-1: Ground out 4-3 (Groundball, 4, EV 102.5 MPH)
|
|
Batting: LHB Antonio Domingues
|
0-0: Called Strike 0-1: Foul Ball, location: 2F 0-2: Foul Ball, location: 2F 0-2: Ball 1-2: Ground out 6-3 (Groundball, 6, EV 84.4 MPH)
|
|
Batting: RHB Adryão Anto
|
0-0: Swinging Strike 0-1: Foul Ball, location: 2F 0-2: Ball 1-2: Foul Ball, location: 2F 1-2: Ball 2-2: Strikes out swinging
|
| Top of the 9th over - 0 runs, 0 hits, 0 errors, 0 left on base; Hickory 6 - Clinton 4 |
| BOTTOM OF THE 9TH |
|
Clinton LumberKings batting - Pitching for Hickory Crawdads : RHP Tim Riley
|
|
Batting: RHB Josh Ruhl
|
0-0: Fly out, F9 (Flyball, 9LS, EV 86.9 MPH)
|
|
Batting: LHB Jawad Fahad
|
0-0: Ball 1-0: Foul Ball, location: 2F 1-1: Foul Ball, location: 2F 1-2: Fly out, F9 (Flyball, 9D, EV 85.6 MPH)
|
|
Batting: SHB Jose Castillo
|
0-0: Bunt for hit to 5S - play at first, batter safe!
|
|
Batting: RHB Salvador Avina
|
0-0: Ball 1-0: Fly out, F9 (Flyball, 9, EV 93.8 MPH)
|
| Bottom of the 9th over - 0 runs, 1 hit, 0 errors, 1 left on base; Hickory 6 - Clinton 4 |
|